 Dungeon Crawl Stone Soup version 0.29-a0-559-g359e09b9d1 (webtiles) character file.

Game seed: 2524840725130115733

95 Hubjo the Insei (level 4, -2/33 HPs)
             Began as a Demonspawn Transmuter on June 10, 2022.
             Slain by Crazy Yiuf
             ... wielding a +4 quarterstaff of chaos
              (12 damage)
             ... on level 2 of the Dungeon.
             The game lasted 00:02:50 (2525 turns).

Hubjo the Insei (Demonspawn Transmuter)             Turns: 2525, Time: 00:02:51

Health: -2/33      AC:  2    Str: 10    XL:     4   Next: 40%
Magic:  6/7        EV: 14    Int: 14    God:
Gold:   87         SH:  0    Dex: 16    Spells: 0/8 levels left

rFire   . . .      SeeInvis .     - Unarmed
rCold   . . .      Faith    .   (no shield)
rNeg    . . .      Spirit   .   a - +0 robe
rPois   .          Reflect  .   (helmet currently unavailable)
rElec   .          Harm     .   (no cloak)
rCorr   .          Rampage  .   (no gloves)
Will    .....                   (boots currently unavailable)
Stlth   ++........              (no amulet)
HPRegen 0.11/turn               (no ring)
MPRegen 0.10/turn               (no ring)

@: appendages, invisible
A: horns 2, talons 2, repulsion field 1, demonic guardian 1
a: End Transformation


You were on level 2 of the Dungeon.
You had temporarily grown beastly horns and talons.
You visited 1 branch of the dungeon, and saw 2 of its levels.

You collected 87 gold pieces.

Inventory:

Armour
 a - a +0 robe (worn)
Scrolls
 d - a scroll of vulnerability
 f - a scroll of noise
 g - 3 scrolls of fog
 i - a scroll of immolation
Potions
 b - a potion of lignification
 c - 2 potions of curing {unknown}
 e - 2 potions of might {unknown}
 h - 2 potions of degeneration {unknown}


   Skills:
 + Level 2.2 Fighting
 - Level 1.7 Dodging
 + Level 1.1 Stealth
 + Level 3.0 Unarmed Combat
 + Level 2.5 Spellcasting
 * Level 2.5 Transmutations
 + Level 0.5 Ice Magic


You couldn't memorise any spells.
You knew the following spells:

 Your Spells              Type           Power      Damage    Failure   Level
a - Beastly Appendage     Tmut           16%        N/A       8%          1
b - Frozen Ramparts       Ice            6%         1d2       47%         3
c - Ice Form              Ice/Tmut       6%         N/A       75%         4

Your spell library contained the following spells:

 Spells                   Type           Power      Damage    Failure   Level
 Wereblood                Tmut           8%         N/A       12%         2
 Freeze                   Ice            12%        1d4       19%         1
 Apportation              Tloc           2%         N/A       22%         1
 Necrotize                Necr           4%         1d4       22%         1
 Summon Small Mammal      Summ           4%         N/A       22%         1
 Spider Form              Tmut/Pois      5%         N/A       38%         3
 Hailstorm                Conj/Ice       2%         3d3       89%         4


Dungeon Overview and Level Annotations

Branches:
Dungeon (2/15)

Altars:

Annotations:
D:2 Crazy Yiuf


Innate Abilities, Weirdness & Mutations

You have temporarily grown beastly horns and talons.
You are surrounded by a mild repulsion field. (EV +2)
A weak demonic guardian rushes to your aid.


Message History

No target in view!
No target in view!
No target in view!
No target in view!
No target in view!
No target in view!
No target in view!
No target in view!
No target in view!
No target in view!
No target in view!
Your horns disappear.
Your talons disappear.
Found a robe.
You see here a +0 robe.
You see here a +0 dagger.
Could not explore, unopened runed door.
Could not explore, unopened runed door.
Could not explore, unopened runed door.
Could not explore, unopened runed door.
Could not explore, unopened runed door.
Could not explore, unopened runed door.
As you read the scroll labelled CEVENA XYXIESSEICW, it crumbles to dust.
The air around you briefly surges with heat, but it dissipates.
It was a scroll of immolation.
Crazy Yiuf shouts!
You open the door.
You grow a pair of large bovine horns.
Your feet morph into talons.
You hit Crazy Yiuf.
Crazy Yiuf is lightly wounded.
Crazy Yiuf says, "Goober!
Snurf bush testudinal."
Crazy Yiuf barely misses you.
You barely miss Crazy Yiuf. You claw Crazy Yiuf.
Crazy Yiuf is lightly wounded.
Crazy Yiuf hits you with a +4 quarterstaff of chaos!
You fade into invisibility!
You hit Crazy Yiuf but do no damage. Your kick misses Crazy Yiuf.
Crazy Yiuf is lightly wounded.
Crazy Yiuf hits you with a +4 quarterstaff of chaos!
A demonic guardian appears!
You convulse!
You die...

#....##
####.#
#....#
#.#
♣....♣
#.#
♣♣...♣
#.#
♣♣.♣♣
#.#
♣♣.♣
#.#
♣5♣♣
#.#
♣♣.♣
#.#
♣@♣♣
#.# #g#
#.###
...
#....
#...#
#####
#)..# #
##### #
# #####
#
##...##
#


You could see Crazy Yiuf (can't see you, ally target) and a friendly white imp
(summoned).

Vanquished Creatures
  Terence (D:2)
  2 adders (D:2)
  A dart slug (D:2)
  5 endoplasms
  4 giant cockroaches
  2 goblins (D:1)
  7 hobgoblins
  2 jackals (D:1)
  4 kobolds
  A quokka (D:1)
  4 ball pythons
  8 bats
  4 frilled lizards
  5 rats
50 creatures vanquished.

Notes
Turn   | Place    | Note
-------+----------+-------------------------------------------
     0 | D:1      | Hubjo the Demonspawn Transmuter began the quest for the
                  | Orb.
     0 | D:1      | Reached XP level 1. HP: 15/15 MP: 3/3
   133 | D:1      | Gained mutation: A weak demonic guardian rushes to your
                  | aid. [demonic ancestry]
   133 | D:1      | Reached XP level 2. HP: 21/21 MP: 3/5
   884 | D:1      | Gained mutation: You are surrounded by a mild repulsion
                  | field. (EV +2) [demonic ancestry]
   884 | D:1      | Reached XP level 3. HP: 27/27 MP: 4/6
  1238 | D:1      | Learned a level 3 spell: Frozen Ramparts
  1433 | D:2      | Reached skill level 1 in Stealth
  1584 | D:2      | Noticed Terence
  1598 | D:2      | Killed Terence
  1599 | D:2      | Reached skill level 3 in Unarmed Combat
  1599 | D:2      | Reached XP level 4. HP: 6/33 MP: 4/7
  1606 | D:2      | Learned a level 4 spell: Ice Form
  2120 | D:2      | Found a runed translucent door.
  2121 | D:2      | Noticed Crazy Yiuf
  2525 | D:2      | Slain by Crazy Yiuf

Illustrated notes

Levels and vault maps discovered:
D:1:      enne_arrival_octagon_isle, layout_basic
D:2:      layout_loops_ring, uniq_terence, uniq_crazy_yiuf_cottage

Skill      XL: |  1  2  3 |
---------------+----------+-----
Transmutations | 2 |  2.5
Fighting       | 2 |  2.2
Stealth        | 1 |  1.1
Unarmed Combat | 3 |  3.0
Dodging        | |  1.7
Spellcasting   | |  2.5
Ice Magic      | |  0.5

Action                   |  1- 3 |  4- 6 || total
-------------------------+-------+-------++-------
Melee: Unarmed           |   107 |    24 ||   131
       Kick              |    15 |     4 ||    19
       Headbutt          |    10 |       ||    10
       Punch             |     4 |     1 ||     5
 Cast: Beastly Appendage |    27 |    12 ||    39
  Use: Scroll            |     3 |     1 ||     4
 Stab: Sleeping          |     1 |     3 ||     4
Armor: Robe              |    13 |       ||    13
Dodge: Dodged            |    77 |    13 ||    90

Table legend: (Time is in decaauts)
 A = Elapsed time spent in this place.
 B = Non-inter-level travel time spent in this place.
 C = Inter-level travel time spent in this place.
 D = Time resting spent in this place.
 E = Time spent auto-exploring this place.
 F = Levels seen in this place.
 G = Mean time per level.
                   A        B        C        D        E       F      G
               +--------+--------+--------+--------+--------+-----+--------+
         Total |   2517 |   2502 |     15 |      0 |   2138 |   2 | 1258.5 |
       Dungeon |   2517 |   2502 |     15 |      0 |   2138 |   2 | 1258.5 |
               +--------+--------+--------+--------+--------+-----+--------+

Top non-repeatable levels by time:
     D:2: 1282 daAuts
     D:1: 1235 daAuts
